 Dungeon Crawl Stone Soup version 0.32-a0-12-g7fc57aa741 (webtiles) character file.

Game seed: 17208817457070587271

29 Gargoyl the Trooper (level 3, -5/36 HPs)
             Began as a Gargoyle Berserker on Jan 14, 2024.
             Was a Follower of Trog.
             Slain by a gnoll
             ... wielding a +0 flail
              (8 damage)
             ... on level 2 of the Dungeon.
             The game lasted 00:00:34 (401 turns).

Gargoyl the Trooper (Gargoyle Berserker)             Turns: 401, Time: 00:00:35

Health: -5/36      AC:  8    Str: 20    XL:     3   Next: 16%
Magic:  3/3        EV: 12    Int:  7    God:    Trog [*.....]
Gold:   43         SH:  0    Dex: 11    Spells: 2/2 levels left

rFire   . . .        a - +0 hand axe
rCold   . . .        (no shield)
rNeg    + . .        b - +0 animal skin
rPois   ∞            (no helmet)
rElec   +            e - +2 cloak
rCorr   .            (no gloves)
SInv    .            (no boots)
Will    .....        (no amulet) Stlth
                     (no ring)
HPRegen 0.26/turn    (no ring)
MPRegen 0.08/turn

%: no passive effects
@: berserking, very quick
A: sickness immunity, AC +3, negative energy resistance 1, electricity
resistance, torment resistance 1, petrification resistance
a: Renounce Religion, Berserk


You were on level 2 of the Dungeon.
You worshipped Trog.
Trog was aware of your devotion.
You visited 1 branch of the dungeon, and saw 2 of its levels.

You collected 43 gold pieces.

Inventory:

Hand Weapons
 a - a +0 hand axe (weapon)
 g - a +0 war axe
Armour
 b - a +0 animal skin (worn)
 e - a +2 cloak (worn)
Scrolls
 d - a scroll of teleportation
 f - a scroll of blinking {unknown}
Potions
 c - a potion of berserk rage {unknown}


   Skills:
 + Level 3.9 Fighting
 + Level 3.1 Axes
 + Level 2.5 Armour
 + Level 1.7 Dodging


You had 2 spell levels left.
You didn't know any spells.
Your spell library was empty.

Dungeon Overview and Level Annotations

Branches:
Dungeon (2/15)

Altars:


Innate Abilities, Weirdness & Mutations

You are immune to sickness and miasma.
Your stone body is resilient. (AC +3)
You are immune to poison.
You resist negative energy. (rN+)
You are resistant to electric shocks. (rElec)
You are resistant to unholy torment.
You are immune to petrification.


Message History

You kill the ball python!
Trog accepts your kill.
A gnoll comes into view. It is wielding a +0 flail.
The gnoll moves out of view.
A gnoll comes into view. It is wielding a +0 spear.
Found a stone staircase leading down.
An adder comes into view.
The adder hisses angrily.
The gnoll shouts!
You hear a shout!
You see here a +0 war axe.
g - a +0 war axe The gnoll hits you with a +0 flail.
A gnoll comes into view. It is wielding a +0 flail. x2
A red film seems to cover your vision as you go berserk!
You feel yourself moving faster!
You feel mighty! The gnoll hits you with a +0 flail!
You slash the gnoll!
You kill the gnoll!
Trog accepts your kill.
You barely miss the adder. The adder bites you.
* * * LOW HITPOINT WARNING * * *
Unknown command.
You miss the adder. The adder bites you but does no damage.
You hit the adder.
The adder is heavily wounded.
The adder bites you but does no damage.
Unknown command.
You slash the adder!
You kill the adder!
Trog accepts your kill.
The gnoll hits you from afar with a +0 spear.
* * * LOW HITPOINT WARNING * * *
You have reached level 3!
Your experience leads to an increase in your attributes!
Increase (S)trength, (I)ntelligence, or (D)exterity?
You feel agile. x2
You barely miss the gnoll.
Unknown command.
You hit the gnoll but do no damage. The gnoll hits you but does no damage.
The gnoll hits you with a +0 flail!
You die...

....##.####.###......####...
............# #.##..........
...###..##### #.##.#.#......
........# ##.#...........
#.##.##.# #.......#....[
#.##.##.# #........##...
#.......# ###.##..........
###...### #........#######
#...# #.#..@.g......
###...######.#...g.......
..........# #...g.#..>...
........... ..<...........
..........##.......#......
###...######.....###......
#...# ###.... .... #...#
..... .# #...#


You could see 3 gnolls.

Vanquished Creatures
  A gnoll (D:2)
  An adder (D:2)
  3 goblins
  A hobgoblin (D:1)
  A ball python (D:2)
  2 bats (D:1)
  3 rats (D:2)
12 creatures vanquished.

Notes
Turn   | Place    | Note
-------+----------+-------------------------------------------
     0 | D:1      | Gargoyl the Gargoyle Berserker began the quest for the Orb.
     0 | D:1      | Reached XP level 1. HP: 14/14 MP: 1/1
   276 | D:1      | You fall into a shaft and drop 1 floor!
   284 | D:2      | Reached XP level 2. HP: 19/19 MP: 2/2
   400 | D:2      | Reached XP level 3. HP: 3/24 MP: 3/3
   401 | D:2      | Slain by a gnoll

Illustrated notes

Levels and vault maps discovered:
D:1:      dpeg_arrival_renting, layout_loops_ring
D:2:      layout_loops_cross, serial_shops, shop

Skill      XL: |  1  2 |
---------------+-------+-----
Axes           | 3 |  3.1
Fighting       | |  3.9
Armour         | |  2.5
Dodging        | |  1.7

Action                     || total
---------------------------++-------
  Melee: Hand axe          ||    41
 Invoke: Berserk           ||     1
    Use: Scroll            ||     1
 Armour: Animal skin       ||    27
  Dodge: Dodged            ||    17

Table legend: (Time is in decaauts)
 A = Elapsed time spent in this place.
 B = Non-inter-level travel time spent in this place.
 C = Inter-level travel time spent in this place.
 D = Time resting spent in this place.
 E = Time spent auto-exploring this place.
 F = Levels seen in this place.
 G = Mean time per level.
                   A        B        C        D        E       F      G
               +--------+--------+--------+--------+--------+-----+--------+
         Total |    405 |    405 |      0 |      0 |    276 |   2 |  202.5 |
       Dungeon |    405 |    405 |      0 |      0 |    276 |   2 |  202.5 |
               +--------+--------+--------+--------+--------+-----+--------+

Top non-repeatable levels by time:
     D:1: 279 daAuts
     D:2: 125 daAuts
